Blackdemons vs Wiprows
(R1)
Created - 15 janvier 2015 at 18:59
Goals
|
| Blackdemons |
2 |
1 |
0 |
3 |
| Wiprows |
0 |
2 |
0 |
2 |
|
Shots
|
| Blackdemons |
13 |
10 |
13 |
36 |
| Wiprows |
2 |
12 |
17 |
31 |
|
1st period
1. Blackdemons , Jakub Kindl 3 (Steven Zalewski, Brendon Nash) at 13:17
2. Blackdemons , Wayne Primeau 11 (Matt Hunwick, Enver Lisin) at 13:58 (PP)
Penalties :
Nick Bonino (Win) for High sticking (Minor) at 0:27, Jonathan Tremblay (Win) for Cross-checking (Minor) at 5:10, Luca Caputi (MJM) for Elbowing (Minor) at 7:31, Nick Bonino (Win) for Hooking (Minor) at 13:42, Matt Donovan (Win) for Roughing (Minor) at 14:13
2nd period
3. Wiprows , Thomas Hickey 4 (Nick Bonino, Drayson Bowman) at 1:57 (PP)
4. Wiprows , Matt Beleskey 9 (Matt Taormina, Arturs Kulda) at 2:47
5. Blackdemons , Enver Lisin 39 (Shawn Matthias) at 16:42
Penalties :
Michael Haley (MJM) for Hooking (Minor) at 1:50, Brandon Bollig (Win) for Tripping (Minor) at 7:11, Wayne Primeau (MJM) for Hooking (Minor) at 18:27
3rd period
No Goal
Penalties :
Scott Timmins (MJM) for Hooking (Minor) at 1:18, Matt Calvert (MJM) for Goalie Interference (Minor) at 5:24, Alec Martinez (Win) for Interference (Minor) at 11:14, Nazem Kadri (Win) for Tripping (Minor) at 16:19
Goalie Stats
Martin Biron (MJM), 29 saves from 31 shots - (0,935), W, 32-6-1, 60:00 minutes
Al Montoya (Win), 33 saves from 36 shots - (0,917), L, 22-9-5, 58:39 minutes
Players Stats for Blackdemons
Player Name G A P +/- PIM S H SB GA TA FO MP PP MP PK MP
------------------------------------------------------------------------------------
Alyn McCauley 0 0 0 -1 0 3 0 1 0 0 2/8 16:27 5:21 2:51
Andrew MacDonald 0 0 0 0 0 1 0 0 0 0 0/0 10:38 0:00 0:00
Brendon Nash 0 1 1 0 0 2 2 1 1 1 0/0 21:28 5:25 3:31
Calvin de Haan 0 0 0 0 0 0 0 2 0 2 0/0 10:38 0:00 0:00
Enver Lisin 1 1 2 1 0 7 0 3 0 1 1/2 23:12 6:49 3:55
Francois Bouchard 0 0 0 1 0 0 0 0 0 0 0/0 7:30 0:00 0:00
Jakub Kindl 1 0 1 0 0 4 0 2 0 0 0/0 21:28 5:25 3:31
Luca Caputi 0 0 0 1 2 1 2 1 0 0 0/1 9:19 0:00 0:26
Mathieu Dandenault 0 0 0 0 0 1 1 0 0 0 1/2 17:43 5:21 1:58
Matt Calvert 0 0 0 -1 2 0 0 0 0 0 1/1 8:17 0:09 0:00
Matt Hunwick 0 1 1 1 0 2 1 0 0 1 0/0 27:54 6:45 4:32
Michael Haley 0 0 0 1 2 1 0 0 2 0 1/1 19:43 5:20 1:40
Michael Kostka 0 0 0 1 0 2 3 3 0 2 0/0 27:54 6:45 4:32
Scott Timmins 0 0 0 -1 2 3 0 0 0 1 0/0 8:09 0:00 0:09
Shawn Matthias 0 1 1 1 0 2 3 0 0 1 8/15 11:45 0:22 0:00
Steven Zalewski 0 1 1 1 0 1 3 3 1 1 3/6 11:20 0:00 2:19
Wayne Primeau 1 0 1 0 2 5 1 1 1 1 14/21 20:49 6:40 2:48
Zach Boychuk 0 0 0 0 0 1 0 0 0 0 1/3 17:38 6:28 0:00
Players Stats for Wiprows
Player Name G A P +/- PIM S H SB GA TA FO MP PP MP PK MP
------------------------------------------------------------------------------------
Alec Martinez 0 0 0 -2 2 0 1 4 0 0 0/0 20:47 0:00 4:58
Arturs Kulda 0 1 1 1 0 0 0 3 2 0 0/0 21:17 0:00 6:11
Brandon Bollig 0 0 0 0 2 0 3 2 1 0 1/2 13:28 0:00 5:28
Derek Grant 0 0 0 1 0 0 1 0 0 0 0/4 6:19 0:00 0:00
Drayson Bowman 0 1 1 -2 0 2 2 1 0 0 0/0 16:34 3:31 1:48
Jiri Tlusty 0 0 0 0 0 2 4 0 1 0 0/1 17:22 4:19 0:21
Jonathan Tremblay 0 0 0 1 2 0 2 0 1 1 0/0 11:42 0:00 4:33
Jordan Szwarz 0 0 0 0 0 0 0 0 0 0 1/1 9:17 0:25 0:00
Kevin Connauton 0 0 0 0 0 0 0 0 0 0 0/0 13:51 4:02 0:16
Linden Vey 0 0 0 -2 0 0 1 0 0 0 0/0 13:49 3:19 0:00
Matt Beleskey 1 0 1 1 0 2 0 1 0 1 0/0 7:25 0:13 0:00
Matt Donovan 0 0 0 -2 2 3 2 1 0 0 0/0 23:52 3:42 5:38
Matt Taormina 0 1 1 1 0 3 2 3 2 0 0/0 23:46 4:01 5:33
Maxime Macenauer 0 0 0 0 0 0 0 2 3 1 8/15 15:32 0:13 6:27
Nazem Kadri 0 0 0 0 2 8 3 0 1 0 9/16 19:31 4:19 1:40
Nick Bonino 0 1 1 -2 4 2 0 0 0 1 6/15 19:08 3:31 4:03
T.J. Oshie 0 0 0 0 0 5 2 1 0 1 3/6 17:20 4:19 0:00
Thomas Hickey 1 0 1 0 0 4 2 2 0 0 0/0 16:43 4:21 1:44
3 Stars
1 - Enver Lisin (MJM)
2 - Thomas Hickey (Win)
3 - Matt Beleskey (Win)
Power Play
Blackdemons - 1 on 7 Attempt(s) - 14,29%
Wiprows - 1 on 5 Attempt(s) - 20,00%
Penalty Kill
Blackdemons - 4 on 5 Attempt(s) - 80,00%
- Score 0 goal in Penalty Kill
Wiprows - 6 on 7 Attempt(s) - 85,71%
- Score 0 goal in Penalty Kill
Team Stat
Blackdemons - Hits : 16 - Faceoff Wins : 32 - Blocked Shots : 17 - Penalty Minutes : 10
Wiprows - Hits : 25 - Faceoff Wins : 28 - Blocked Shots : 20 - Penalty Minutes : 14
Official
Referees : Walkom Stephen and StPierre Justin
Linesman : Scott Driscoll and Don Henderson
Game Notes
No Game Note
Finance
Level 1 -- Attendance: 1610 (80,50%) -- Ticket Income 45 080 $
Level 2 -- Attendance: 724 (72,40%) -- Ticket Income 11 584 $
Total Attendance: 2334 (77,80%)
Total Ticket Income: 56 664 $
Other Income: 2 833 $
Total Income: 59 497 $
Blackdemons
5 vs 5 Forward
Center Left Wing Right Wing Time % Phy DF OF
1 Shawn Matthias Michael Haley Enver Lisin 40 1 2 2
2 Wayne Primeau Zach Boychuk Mathieu Dandenault 30 1 2 2
3 Alyn McCauley Matt Calvert Scott Timmins 20 1 2 2
4 Steven Zalewski Luca Caputi Francois Bouchard 10 1 2 2
5 vs 5 Defense
Defense Defense Time % Phy DF OF
1 Michael Kostka Matt Hunwick 40 1 2 2
2 Brendon Nash Jakub Kindl 30 1 2 2
3 Andrew MacDonald Calvin de Haan 20 1 2 2
4 Michael Kostka Matt Hunwick 10 1 2 2
PowerPlay Forward
Center Left Wing Right Wing Time % Phy DF OF
1 Wayne Primeau Zach Boychuk Enver Lisin 60 1 2 2
2 Alyn McCauley Michael Haley Mathieu Dandenault 40 1 2 2
PowerPlay Defense
Defense Defense Time % Phy DF OF
1 Michael Kostka Matt Hunwick 60 1 2 2
2 Brendon Nash Jakub Kindl 40 1 2 2
Penalty Kill 4 Players Forward
Center Wing Time % Phy DF OF
1 Wayne Primeau Enver Lisin 60 1 2 2
2 Mathieu Dandenault Alyn McCauley 40 1 2 2
Penalty Kill 4 Players Defense
Defense Defense Time % Phy DF OF
1 Michael Kostka Matt Hunwick 60 1 2 2
2 Brendon Nash Jakub Kindl 40 1 2 2
Penalty Kill - 3 Players Forward
Forward Time % Phy DF OF
1 Wayne Primeau 60 1 2 2
2 Enver Lisin 40 1 2 2
Penalty Kill - 3 Players Defense
Defense Defense Time % Phy DF OF
1 Michael Kostka Matt Hunwick 60 1 2 2
2 Brendon Nash Jakub Kindl 40 1 2 2
4 vs 4 Forward
Center Wing Time % Phy DF OF
1 Wayne Primeau Enver Lisin 60 1 2 2
2 Mathieu Dandenault Alyn McCauley 40 1 2 2
4 vs 4 Defense
Defense Defense Time % Phy DF OF
1 Michael Kostka Matt Hunwick 60 1 2 2
2 Brendon Nash Jakub Kindl 40 1 2 2
Last Minutes Offensive
Center Left Wing Right Wing Defense Defense
Wayne Primeau Zach Boychuk Enver Lisin Michael Kostka Matt Hunwick
Last Minutes Defensive
Center Left Wing Right Wing Defense Defense
Wayne Primeau Zach Boychuk Enver Lisin Michael Kostka Matt Hunwick
Goaltenders
Starting : Martin Biron
Backup : Matt Hackett
Extra Forwards
Normal : Shawn Matthias, Matt Calvert, Steven Zalewski - PP : Shawn Matthias, Matt Calvert - PK : Steven Zalewski
Extra Defensemen
Normal : Andrew MacDonald, Calvin de Haan, Brendon Nash - PP : Andrew MacDonald - PK : Calvin de Haan, Brendon Nash
Penalty Shots
Wayne Primeau, Enver Lisin, Mathieu Dandenault, Alyn McCauley, Shawn Matthias
Wiprows
5 vs 5 Forward
Center Left Wing Right Wing Time % Phy DF OF
1 Nazem Kadri Jiri Tlusty T.J. Oshie 34 0 1 4
2 Nick Bonino Drayson Bowman Linden Vey 32 0 1 4
3 Maxime Macenauer Brandon Bollig Jordan Szwarz 18 2 2 1
4 Derek Grant Matt Beleskey Jonathan Tremblay 16 2 1 2
5 vs 5 Defense
Defense Defense Time % Phy DF OF
1 Matt Taormina Arturs Kulda 37 2 1 2
2 Alec Martinez Matt Donovan 35 1 2 2
3 Thomas Hickey Kevin Connauton 26 2 2 1
4 Matt Donovan Matt Taormina 2 1 1 3
PowerPlay Forward
Center Left Wing Right Wing Time % Phy DF OF
1 Nazem Kadri Jiri Tlusty T.J. Oshie 55 0 0 5
2 Nick Bonino Drayson Bowman Linden Vey 45 0 0 5
PowerPlay Defense
Defense Defense Time % Phy DF OF
1 Matt Taormina Thomas Hickey 55 0 1 4
2 Matt Donovan Kevin Connauton 45 0 1 4
Penalty Kill 4 Players Forward
Center Wing Time % Phy DF OF
1 Maxime Macenauer Brandon Bollig 53 0 5 0
2 Nick Bonino Jonathan Tremblay 47 0 5 0
Penalty Kill 4 Players Defense
Defense Defense Time % Phy DF OF
1 Arturs Kulda Alec Martinez 53 0 5 0
2 Matt Donovan Matt Taormina 47 0 5 0
Penalty Kill - 3 Players Forward
Forward Time % Phy DF OF
1 Nick Bonino 55 0 5 0
2 Nazem Kadri 45 0 5 0
Penalty Kill - 3 Players Defense
Defense Defense Time % Phy DF OF
1 Arturs Kulda Alec Martinez 60 0 5 0
2 Matt Donovan Matt Taormina 40 0 5 0
4 vs 4 Forward
Center Wing Time % Phy DF OF
1 Nazem Kadri T.J. Oshie 54 1 2 2
2 Nick Bonino Jiri Tlusty 46 1 2 2
4 vs 4 Defense
Defense Defense Time % Phy DF OF
1 Matt Taormina Alec Martinez 60 1 2 2
2 Matt Donovan Arturs Kulda 40 1 2 2
Last Minutes Offensive
Center Left Wing Right Wing Defense Defense
Nick Bonino Nazem Kadri Jiri Tlusty Thomas Hickey Matt Taormina
Last Minutes Defensive
Center Left Wing Right Wing Defense Defense
Maxime Macenauer Brandon Bollig Jonathan Tremblay Alec Martinez Arturs Kulda
Goaltenders
Starting : Al Montoya
Backup : Thomas McCollum
Extra Forwards
Normal : Nazem Kadri, Nick Bonino, T.J. Oshie - PP : Nick Bonino, T.J. Oshie - PK : Jonathan Tremblay
Extra Defensemen
Normal : Matt Taormina, Alec Martinez, Thomas Hickey - PP : Thomas Hickey - PK : Arturs Kulda, Matt Donovan
Penalty Shots
Jiri Tlusty, T.J. Oshie, Nazem Kadri, Brandon Bollig, Nick Bonino
% Time on Ice - Blackdemons
Lines # - Real PCT - Wanted PCT - Time Play
Normal Forward
1 - 33% - 40% - 12:49
2 - 27% - 30% - 10:24
3 - 20% - 20% - 7:54
4 - 19% - 10% - 7:30
Normal Defense
1 - 41% - 40% - 15:42
2 - 32% - 30% - 12:32
3 - 27% - 20% - 10:23
4 - 0% - 10% - 0:00
PP Forward
1 - 56% - 60% - 6:49
2 - 44% - 40% - 5:21
PP Defense
1 - 55% - 60% - 6:45
2 - 45% - 40% - 5:25
PK Forward
1 - 76% - 60% - 6:05
2 - 24% - 40% - 1:58
PK Defense
1 - 56% - 60% - 4:32
2 - 44% - 40% - 3:31
PK3 Forward
1 - 0% - 60%
2 - 0% - 40%
PK3 Defense
1 - 0% - 60%
2 - 0% - 40%
44 Forward
1 - 0% - 60%
2 - 0% - 40%
44 Defense
1 - 0% - 60%
2 - 0% - 40%
Last Minute Offensive - 0:00
Last Minute Defensive - 1:10
Total
Forward - 60:00
Defense - 60:00
|
% Time on Ice - Wiprows
Lines # - Real PCT - Wanted PCT - Time Play
Normal Forward
1 - 35% - 34% - 13:26
2 - 29% - 32% - 11:21
3 - 19% - 18% - 7:28
4 - 16% - 16% - 6:19
Normal Defense
1 - 39% - 37% - 15:02
2 - 37% - 35% - 14:13
3 - 22% - 26% - 8:40
4 - 2% - 2% - 0:39
PP Forward
1 - 56% - 55% - 4:32
2 - 44% - 45% - 3:31
PP Defense
1 - 54% - 55% - 4:21
2 - 46% - 45% - 3:42
PK Forward
1 - 58% - 53% - 7:01
2 - 42% - 47% - 5:09
PK Defense
1 - 54% - 53% - 6:37
2 - 46% - 47% - 5:33
PK3 Forward
1 - 0% - 55%
2 - 0% - 45%
PK3 Defense
1 - 0% - 60%
2 - 0% - 40%
44 Forward
1 - 0% - 54%
2 - 0% - 46%
44 Defense
1 - 0% - 60%
2 - 0% - 40%
Last Minute Offensive - 1:13
Last Minute Defensive - 0:00
Total
Forward - 60:00
Defense - 60:00
|
Play by Play
1st period
0:01 of 1st period - Nazem Kadri wins face-off versus Shawn Matthias in neutral zone.
0:27 of 1st period - Minor Penalty to Nick Bonino for High sticking.
0:28 of 1st period - Brandon Bollig wins face-off versus Zach Boychuk in Wiprows zone.
0:42 of 1st period - Off-side.
0:43 of 1st period - Alyn McCauley wins face-off versus Maxime Macenauer in neutral zone.
0:52 of 1st period - Off-side.
0:53 of 1st period - Maxime Macenauer wins face-off versus Alyn McCauley in neutral zone.
0:56 of 1st period - Mathieu Dandenault is hit by Matt Taormina and loses puck.
1:23 of 1st period - Slapshot by Brendon Nash.
1:23 of 1st period - Deflect By Alyn McCauley.
1:23 of 1st period - Stopped by Al Montoya with a rebound.
1:25 of 1st period - Wrist shot by Brendon Nash.
1:25 of 1st period - Stopped by Al Montoya with a rebound.
1:48 of 1st period - Off-side.
1:49 of 1st period - Wayne Primeau wins face-off versus Maxime Macenauer in neutral zone.
1:54 of 1st period - Snap shot by Zach Boychuk.
1:54 of 1st period - Deflect By Enver Lisin.
1:54 of 1st period - Shot Blocked by Brandon Bollig.
1:54 of 1st period - Puck is out of play.
1:55 of 1st period - Maxime Macenauer wins face-off versus Enver Lisin in Wiprows zone.
2:27 of 1st period - Penalty to Nick Bonino is over, Nick Bonino is back on ice.
3:20 of 1st period - Wrist shot by T.J. Oshie.
3:20 of 1st period - Stopped by Martin Biron with a rebound.
4:50 of 1st period - Nick Bonino is hit by Luca Caputi and loses puck.
5:10 of 1st period - Minor Penalty to Jonathan Tremblay for Cross-checking.
5:11 of 1st period - Maxime Macenauer wins face-off versus Wayne Primeau in Wiprows zone.
6:06 of 1st period - Zach Boychuk is hit by Brandon Bollig and loses puck.
7:10 of 1st period - Penalty to Jonathan Tremblay is over, Jonathan Tremblay is back on ice.
7:31 of 1st period - Minor Penalty to Luca Caputi for Elbowing.
7:32 of 1st period - Wayne Primeau wins face-off versus Jiri Tlusty in Blackdemons zone.
8:46 of 1st period - Mathieu Dandenault is hit by Jiri Tlusty.
9:02 of 1st period - Matt Donovan is hit by Michael Kostka and loses puck.
9:27 of 1st period - Matt Taormina is hit by Steven Zalewski and loses puck.
9:31 of 1st period - Penalty to Luca Caputi is over, Luca Caputi is back on ice.
9:39 of 1st period - Slapshot by Michael Haley.
9:39 of 1st period - Stopped by Al Montoya with a rebound.
9:41 of 1st period - Backhand shot by Calvin de Haan.
9:41 of 1st period - Shot Blocked by Matt Taormina.
9:43 of 1st period - Slapshot by Michael Haley.
9:43 of 1st period - Shot Misses the Net.
9:45 of 1st period - Wrist shot by Michael Haley.
9:45 of 1st period - Shot Misses the Net.
9:47 of 1st period - Snap shot by Andrew MacDonald.
9:47 of 1st period - Stopped by Al Montoya with a rebound.
9:49 of 1st period - Wrist shot by Michael Haley.
9:49 of 1st period - Shot Blocked by Matt Taormina.
10:01 of 1st period - Thomas Hickey is hit by Steven Zalewski and loses puck.
10:10 of 1st period - Wrist shot by Matt Taormina.
10:10 of 1st period - Stopped by Martin Biron with a rebound.
10:21 of 1st period - Maxime Macenauer is hit by Matt Hunwick and loses puck.
10:28 of 1st period - Slapshot by Brendon Nash.
10:28 of 1st period - Shot Blocked by Matt Beleskey.
10:30 of 1st period - Snap shot by Andrew MacDonald.
10:30 of 1st period - Shot Blocked by Matt Donovan.
10:54 of 1st period - Snap shot by Maxime Macenauer.
10:54 of 1st period - Deflect By Matt Beleskey.
10:54 of 1st period - Shot Blocked by Jakub Kindl.
10:54 of 1st period - Puck is out of play.
10:55 of 1st period - Wayne Primeau wins face-off versus Nick Bonino in Blackdemons zone.
11:15 of 1st period - Kevin Connauton is hit by Mathieu Dandenault.
12:04 of 1st period - Icing by Michael Kostka.
12:05 of 1st period - Shawn Matthias wins face-off versus Derek Grant in Blackdemons zone.
12:09 of 1st period - Off-side.
12:10 of 1st period - Wayne Primeau wins face-off versus Derek Grant in neutral zone.
12:13 of 1st period - Slapshot by Mathieu Dandenault.
12:13 of 1st period - Stopped by Al Montoya with a rebound.
12:17 of 1st period - Snap shot by Wayne Primeau.
12:17 of 1st period - Stopped by Al Montoya with a rebound.
12:19 of 1st period - Slapshot by Mathieu Dandenault.
12:19 of 1st period - Shot Misses the Net.
12:21 of 1st period - Snap shot by Mathieu Dandenault.
12:21 of 1st period - Shot Blocked by Arturs Kulda.
12:23 of 1st period - Snap shot by Mathieu Dandenault.
12:23 of 1st period - Shot Blocked by Matt Taormina.
12:25 of 1st period - Wrist shot by Wayne Primeau.
12:25 of 1st period - Stopped by Al Montoya with a rebound.
12:45 of 1st period - Snap shot by Nazem Kadri.
12:45 of 1st period - Shot Misses the Net.
13:11 of 1st period - Snap shot by Michael Kostka.
13:11 of 1st period - Stopped by Al Montoya without a rebound.
13:12 of 1st period - Steven Zalewski wins face-off versus Nick Bonino in Wiprows zone.
13:15 of 1st period - Wrist shot by Steven Zalewski.
13:15 of 1st period - Shot Misses the Net.
13:17 of 1st period - Slapshot by Jakub Kindl.
13:17 of 1st period - Goal by Jakub Kindl - Blackdemons : 1 - Wiprows : 0.
13:18 of 1st period - Michael Haley wins face-off versus Nick Bonino in neutral zone.
13:34 of 1st period - Slapshot by Drayson Bowman.
13:34 of 1st period - Shot Hit the Post.
13:42 of 1st period - Minor Penalty to Nick Bonino for Hooking.
13:43 of 1st period - Maxime Macenauer wins face-off versus Wayne Primeau in Wiprows zone.
13:52 of 1st period - Snap shot by Enver Lisin.
13:52 of 1st period - Shot Misses the Net.
13:54 of 1st period - Backhand shot by Matt Hunwick.
13:54 of 1st period - Shot Misses the Net.
13:56 of 1st period - Slapshot by Matt Hunwick.
13:56 of 1st period - Shot Blocked by Brandon Bollig.
13:58 of 1st period - Slapshot by Wayne Primeau.
13:58 of 1st period - Goal by Wayne Primeau - Blackdemons : 2 - Wiprows : 0.
13:59 of 1st period - Mathieu Dandenault wins face-off versus Nick Bonino in neutral zone.
14:13 of 1st period - Minor Penalty to Matt Donovan for Roughing.
14:14 of 1st period - Maxime Macenauer wins face-off versus Wayne Primeau in Wiprows zone.
15:30 of 1st period - Arturs Kulda is hit by Brendon Nash and loses puck.
15:41 of 1st period - Brendon Nash is hit by Jonathan Tremblay and loses puck.
16:13 of 1st period - Penalty to Matt Donovan is over, Matt Donovan is back on ice.
16:14 of 1st period - Matt Donovan is hit by Michael Kostka and loses puck.
16:23 of 1st period - Slapshot by Matt Taormina.
16:23 of 1st period - Deflect By Matt Donovan.
16:23 of 1st period - Shot Misses the Net.
16:23 of 1st period - Puck is out of play.
16:24 of 1st period - Steven Zalewski wins face-off versus Nazem Kadri in Blackdemons zone.
16:33 of 1st period - Snap shot by Steven Zalewski.
16:33 of 1st period - Stopped by Al Montoya with a rebound.
16:35 of 1st period - Snap shot by Steven Zalewski.
16:35 of 1st period - Shot Misses the Net.
16:37 of 1st period - Slapshot by Andrew MacDonald.
16:37 of 1st period - Shot Blocked by Thomas Hickey.
18:49 of 1st period - Slapshot by Matt Hunwick.
18:49 of 1st period - Stopped by Al Montoya with a rebound.
18:51 of 1st period - Slapshot by Matt Hunwick.
18:51 of 1st period - Shot Blocked by Alec Martinez.
19:01 of 1st period - Slapshot by Matt Donovan.
19:01 of 1st period - Shot Misses the Net.
19:15 of 1st period - Jonathan Tremblay is hit by Wayne Primeau and loses puck.
19:32 of 1st period - Wrist shot by Brendon Nash.
19:32 of 1st period - Stopped by Al Montoya with a rebound.
Goals for this period are 2 for Blackdemons vs 0 for Wiprows.
Shots for this period are 13 for Blackdemons vs 2 for Wiprows.
2nd period
0:01 of 2nd period - Nick Bonino wins face-off versus Shawn Matthias in neutral zone.
0:03 of 2nd period - Matt Taormina is hit by Shawn Matthias and loses puck.
0:06 of 2nd period - Wrist shot by Drayson Bowman.
0:06 of 2nd period - Stopped by Martin Biron with a rebound.
0:08 of 2nd period - Snap shot by Arturs Kulda.
0:08 of 2nd period - Shot Blocked by Michael Kostka.
0:10 of 2nd period - Wrist shot by Matt Taormina.
0:10 of 2nd period - Shot Blocked by Enver Lisin.
0:12 of 2nd period - Slapshot by Matt Taormina.
0:12 of 2nd period - Deflect By Michael Kostka.
0:12 of 2nd period - Stopped by Martin Biron with a rebound.
0:28 of 2nd period - Icing by Zach Boychuk.
0:29 of 2nd period - Nazem Kadri wins face-off versus Mathieu Dandenault in Blackdemons zone.
0:44 of 2nd period - Snap shot by Nazem Kadri.
0:44 of 2nd period - Stopped by Martin Biron with a rebound.
1:02 of 2nd period - Slapshot by Mathieu Dandenault.
1:02 of 2nd period - Shot Misses the Net.
1:04 of 2nd period - Slapshot by Brendon Nash.
1:04 of 2nd period - Shot Blocked by Alec Martinez.
1:47 of 2nd period - Slapshot by T.J. Oshie.
1:47 of 2nd period - Stopped by Martin Biron without a rebound.
1:48 of 2nd period - Shawn Matthias wins face-off versus Nick Bonino in Blackdemons zone.
1:50 of 2nd period - Minor Penalty to Michael Haley for Hooking.
1:51 of 2nd period - Nick Bonino wins face-off versus Steven Zalewski in Blackdemons zone.
1:57 of 2nd period - Snap shot by Thomas Hickey.
1:57 of 2nd period - Goal by Thomas Hickey - Blackdemons : 2 - Wiprows : 1.
1:58 of 2nd period - Nick Bonino wins face-off versus Shawn Matthias in neutral zone.
2:23 of 2nd period - Mathieu Dandenault is hit by Brandon Bollig.
2:47 of 2nd period - Snap shot by Matt Beleskey.
2:47 of 2nd period - Goal by Matt Beleskey - Blackdemons : 2 - Wiprows : 2.
2:48 of 2nd period - Nick Bonino wins face-off versus Shawn Matthias in neutral zone.
2:59 of 2nd period - Snap shot by Nick Bonino.
2:59 of 2nd period - Shot Blocked by Enver Lisin.
3:01 of 2nd period - Wrist shot by Nick Bonino.
3:01 of 2nd period - Stopped by Martin Biron without a rebound.
3:02 of 2nd period - Shawn Matthias wins face-off versus Derek Grant in Blackdemons zone.
3:36 of 2nd period - Snap shot by Zach Boychuk.
3:36 of 2nd period - Stopped by Al Montoya with a rebound.
3:38 of 2nd period - Slapshot by Wayne Primeau.
3:38 of 2nd period - Shot Misses the Net.
3:40 of 2nd period - Slapshot by Michael Kostka.
3:40 of 2nd period - Stopped by Al Montoya with a rebound.
3:50 of 2nd period - Slapshot by Jakub Kindl.
3:50 of 2nd period - Deflect By Luca Caputi.
3:50 of 2nd period - Stopped by Al Montoya with a rebound.
3:52 of 2nd period - Slapshot by Jakub Kindl.
3:52 of 2nd period - Stopped by Al Montoya with a rebound.
3:58 of 2nd period - Snap shot by Steven Zalewski.
3:58 of 2nd period - Shot Blocked by Thomas Hickey.
4:00 of 2nd period - Snap shot by Jakub Kindl.
4:00 of 2nd period - Deflect By Thomas Hickey.
4:00 of 2nd period - Stopped by Al Montoya with a rebound.
4:02 of 2nd period - Slapshot by Brendon Nash.
4:02 of 2nd period - Shot Blocked by Drayson Bowman.
5:17 of 2nd period - Steven Zalewski is hit by T.J. Oshie and loses puck.
5:36 of 2nd period - Michael Kostka is hit by Brandon Bollig and loses puck.
6:16 of 2nd period - Jonathan Tremblay is hit by Steven Zalewski and loses puck.
6:44 of 2nd period - Snap shot by Alyn McCauley.
6:44 of 2nd period - Stopped by Al Montoya with a rebound.
6:46 of 2nd period - Wrist shot by Matt Calvert.
6:46 of 2nd period - Shot Misses the Net.
7:02 of 2nd period - Matt Taormina is hit by Michael Kostka and loses puck.
7:11 of 2nd period - Minor Penalty to Brandon Bollig for Tripping.
7:12 of 2nd period - Maxime Macenauer wins face-off versus Zach Boychuk in Wiprows zone.
7:37 of 2nd period - Brendon Nash is hit by Alec Martinez and loses puck.
9:11 of 2nd period - Penalty to Brandon Bollig is over, Brandon Bollig is back on ice.
11:12 of 2nd period - Snap shot by Nick Bonino.
11:12 of 2nd period - Shot Hit the Post.
11:22 of 2nd period - Steven Zalewski is hit by Jonathan Tremblay and loses puck.
11:52 of 2nd period - Mathieu Dandenault is hit by Jiri Tlusty and loses puck.
13:24 of 2nd period - Calvin de Haan is hit by Nazem Kadri and loses puck.
13:49 of 2nd period - Snap shot by Alyn McCauley.
13:49 of 2nd period - Shot Blocked by T.J. Oshie.
13:51 of 2nd period - Wrist shot by Alyn McCauley.
13:51 of 2nd period - Deflect By Scott Timmins.
13:51 of 2nd period - Stopped by Al Montoya without a rebound.
13:52 of 2nd period - Nick Bonino wins face-off versus Alyn McCauley in Wiprows zone.
14:24 of 2nd period - Snap shot by Shawn Matthias.
14:24 of 2nd period - Stopped by Al Montoya with a rebound.
14:46 of 2nd period - Slapshot by Andrew MacDonald.
14:46 of 2nd period - Shot Blocked by Alec Martinez.
14:56 of 2nd period - Mathieu Dandenault is hit by Matt Donovan.
15:21 of 2nd period - Slapshot by Nick Bonino.
15:21 of 2nd period - Shot Misses the Net.
15:23 of 2nd period - Slapshot by Drayson Bowman.
15:23 of 2nd period - Stopped by Martin Biron with a rebound.
15:40 of 2nd period - Wrist shot by T.J. Oshie.
15:40 of 2nd period - Stopped by Martin Biron with a rebound.
15:46 of 2nd period - Wrist shot by Nazem Kadri.
15:46 of 2nd period - Shot Blocked by Enver Lisin.
15:48 of 2nd period - Slapshot by Thomas Hickey.
15:48 of 2nd period - Stopped by Martin Biron without a rebound.
15:49 of 2nd period - Zach Boychuk wins face-off versus Derek Grant in Blackdemons zone.
15:49 of 2nd period - Zach Boychuk is hit by Thomas Hickey.
16:20 of 2nd period - Wrist shot by T.J. Oshie.
16:20 of 2nd period - Deflect By Nazem Kadri.
16:20 of 2nd period - Shot Misses the Net.
16:20 of 2nd period - Puck is out of play.
16:21 of 2nd period - Shawn Matthias wins face-off versus Nazem Kadri in Blackdemons zone.
16:21 of 2nd period - Shawn Matthias is hit by Jiri Tlusty.
16:26 of 2nd period - Off-side.
16:27 of 2nd period - Shawn Matthias wins face-off versus Nick Bonino in neutral zone.
16:42 of 2nd period - Wrist shot by Enver Lisin.
16:42 of 2nd period - Goal by Enver Lisin - Blackdemons : 3 - Wiprows : 2.
16:43 of 2nd period - Nick Bonino wins face-off versus Shawn Matthias in neutral zone.
16:48 of 2nd period - Backhand shot by Matt Donovan.
16:48 of 2nd period - Deflect By Michael Kostka.
16:48 of 2nd period - Stopped by Martin Biron without a rebound.
16:49 of 2nd period - Shawn Matthias wins face-off versus Nick Bonino in Blackdemons zone.
17:38 of 2nd period - Nick Bonino is hit by Shawn Matthias and loses puck.
18:11 of 2nd period - Slapshot by Enver Lisin.
18:11 of 2nd period - Stopped by Al Montoya without a rebound.
18:12 of 2nd period - Wayne Primeau wins face-off versus Nazem Kadri in Wiprows zone.
18:19 of 2nd period - Snap shot by Nazem Kadri.
18:19 of 2nd period - Shot Blocked by Brendon Nash.
18:21 of 2nd period - Slapshot by Arturs Kulda.
18:21 of 2nd period - Deflect By T.J. Oshie.
18:21 of 2nd period - Stopped by Martin Biron with a rebound.
18:23 of 2nd period - Slapshot by Matt Taormina.
18:23 of 2nd period - Deflect By T.J. Oshie.
18:23 of 2nd period - Shot Blocked by Jakub Kindl.
18:23 of 2nd period - Puck is out of play.
18:24 of 2nd period - Wayne Primeau wins face-off versus Nazem Kadri in Blackdemons zone.
18:24 of 2nd period - Wayne Primeau is hit by Nazem Kadri.
18:27 of 2nd period - Minor Penalty to Wayne Primeau for Hooking.
18:28 of 2nd period - Nazem Kadri wins face-off versus Steven Zalewski in Blackdemons zone.
Goals for this period are 1 for Blackdemons vs 2 for Wiprows.
Shots for this period are 10 for Blackdemons vs 12 for Wiprows.
3rd period
0:01 of 3rd period - Steven Zalewski wins face-off versus Nazem Kadri in neutral zone.
0:10 of 3rd period - Matt Hunwick is hit by Jiri Tlusty and loses puck.
0:15 of 3rd period - Slapshot by T.J. Oshie.
0:15 of 3rd period - Shot Misses the Net.
0:25 of 3rd period - Enver Lisin is hit by Thomas Hickey and loses puck.
0:27 of 3rd period - Penalty to Wayne Primeau is over, Wayne Primeau is back on ice.
0:47 of 3rd period - Matt Hunwick is hit by Matt Donovan.
0:51 of 3rd period - Snap shot by Zach Boychuk.
0:51 of 3rd period - Deflect By Wayne Primeau.
0:51 of 3rd period - Shot Blocked by Alec Martinez.
0:51 of 3rd period - Puck is out of play.
0:52 of 3rd period - Alyn McCauley wins face-off versus Nazem Kadri in Wiprows zone.
0:57 of 3rd period - Snap shot by Alyn McCauley.
0:57 of 3rd period - Stopped by Al Montoya without a rebound.
0:58 of 3rd period - Nazem Kadri wins face-off versus Alyn McCauley in Wiprows zone.
1:13 of 3rd period - Wrist shot by Alyn McCauley.
1:13 of 3rd period - Shot Misses the Net.
1:18 of 3rd period - Minor Penalty to Scott Timmins for Hooking.
1:19 of 3rd period - Nazem Kadri wins face-off versus Wayne Primeau in Blackdemons zone.
1:35 of 3rd period - Snap shot by Nazem Kadri.
1:35 of 3rd period - Stopped by Martin Biron with a rebound.
1:45 of 3rd period - Wrist shot by Nick Bonino.
1:45 of 3rd period - Shot Blocked by Wayne Primeau.
1:47 of 3rd period - Backhand shot by Matt Donovan.
1:47 of 3rd period - Stopped by Martin Biron with a rebound.
2:43 of 3rd period - Brendon Nash is hit by Drayson Bowman and loses puck.
3:18 of 3rd period - Penalty to Scott Timmins is over, Scott Timmins is back on ice.
4:12 of 3rd period - Snap shot by Enver Lisin.
4:12 of 3rd period - Stopped by Al Montoya without a rebound.
4:13 of 3rd period - T.J. Oshie wins face-off versus Shawn Matthias in Wiprows zone.
4:13 of 3rd period - T.J. Oshie is hit by Shawn Matthias.
4:53 of 3rd period - Arturs Kulda is hit by Luca Caputi and loses puck.
5:24 of 3rd period - Minor Penalty to Matt Calvert for Goalie Interference.
5:25 of 3rd period - Enver Lisin wins face-off versus Nazem Kadri in Blackdemons zone.
5:33 of 3rd period - Wayne Primeau is hit by Nazem Kadri and loses puck.
5:40 of 3rd period - Snap shot by T.J. Oshie.
5:40 of 3rd period - Shot Blocked by Michael Kostka.
5:50 of 3rd period - Enver Lisin is hit by Linden Vey and loses puck.
6:09 of 3rd period - Snap shot by Matt Hunwick.
6:09 of 3rd period - Stopped by Al Montoya with a rebound.
6:59 of 3rd period - Steven Zalewski is hit by Drayson Bowman and loses puck.
7:24 of 3rd period - Penalty to Matt Calvert is over, Matt Calvert is back on ice.
7:28 of 3rd period - Off-side.
7:29 of 3rd period - Jordan Szwarz wins face-off versus Alyn McCauley in neutral zone.
7:38 of 3rd period - Slapshot by Andrew MacDonald.
7:38 of 3rd period - Shot Misses the Net.
7:52 of 3rd period - Shawn Matthias is hit by Derek Grant and loses puck.
8:11 of 3rd period - Slapshot by Matt Taormina.
8:11 of 3rd period - Stopped by Martin Biron without a rebound.
8:12 of 3rd period - Shawn Matthias wins face-off versus Maxime Macenauer in Blackdemons zone.
8:20 of 3rd period - Snap shot by Shawn Matthias.
8:20 of 3rd period - Stopped by Al Montoya without a rebound.
8:21 of 3rd period - Nazem Kadri wins face-off versus Shawn Matthias in Wiprows zone.
8:54 of 3rd period - Wrist shot by Nick Bonino.
8:54 of 3rd period - Stopped by Martin Biron without a rebound.
8:55 of 3rd period - Wayne Primeau wins face-off versus Nick Bonino in Blackdemons zone.
9:02 of 3rd period - Snap shot by Wayne Primeau.
9:02 of 3rd period - Shot Hit the Post.
9:28 of 3rd period - Snap shot by Nazem Kadri.
9:28 of 3rd period - Stopped by Martin Biron with a rebound.
9:30 of 3rd period - Snap shot by Thomas Hickey.
9:30 of 3rd period - Shot Blocked by Alyn McCauley.
9:32 of 3rd period - Wrist shot by Jiri Tlusty.
9:32 of 3rd period - Deflect By Nazem Kadri.
9:32 of 3rd period - Stopped by Martin Biron with a rebound.
10:43 of 3rd period - Icing by Jakub Kindl.
10:44 of 3rd period - Nazem Kadri wins face-off versus Alyn McCauley in Blackdemons zone.
11:14 of 3rd period - Minor Penalty to Alec Martinez for Interference.
11:15 of 3rd period - Wayne Primeau wins face-off versus Maxime Macenauer in Wiprows zone.
11:18 of 3rd period - Slapshot by Michael Kostka.
11:18 of 3rd period - Shot Blocked by Arturs Kulda.
11:20 of 3rd period - Snap shot by Michael Kostka.
11:20 of 3rd period - Deflect By Enver Lisin.
11:20 of 3rd period - Stopped by Al Montoya without a rebound.
11:21 of 3rd period - Wayne Primeau wins face-off versus Maxime Macenauer in Wiprows zone.
12:09 of 3rd period - Snap shot by Enver Lisin.
12:09 of 3rd period - Stopped by Al Montoya with a rebound.
12:11 of 3rd period - Snap shot by Wayne Primeau.
12:11 of 3rd period - Shot Misses the Net.
12:13 of 3rd period - Slapshot by Wayne Primeau.
12:13 of 3rd period - Shot Misses the Net.
12:15 of 3rd period - Snap shot by Wayne Primeau.
12:15 of 3rd period - Stopped by Al Montoya with a rebound.
12:17 of 3rd period - Wrist shot by Enver Lisin.
12:17 of 3rd period - Deflect By Zach Boychuk.
12:17 of 3rd period - Shot Misses the Net.
12:17 of 3rd period - Puck is out of play.
12:18 of 3rd period - Maxime Macenauer wins face-off versus Alyn McCauley in Wiprows zone.
13:14 of 3rd period - Penalty to Alec Martinez is over, Alec Martinez is back on ice.
13:26 of 3rd period - Wrist shot by T.J. Oshie.
13:26 of 3rd period - Shot Misses the Net.
13:28 of 3rd period - Snap shot by Jiri Tlusty.
13:28 of 3rd period - Shot Blocked by Steven Zalewski.
13:30 of 3rd period - Snap shot by Jiri Tlusty.
13:30 of 3rd period - Shot Misses the Net.
13:32 of 3rd period - Slapshot by Thomas Hickey.
13:32 of 3rd period - Stopped by Martin Biron without a rebound.
13:33 of 3rd period - T.J. Oshie wins face-off versus Steven Zalewski in Blackdemons zone.
13:34 of 3rd period - Wrist shot by Nazem Kadri.
13:34 of 3rd period - Shot Blocked by Steven Zalewski.
13:36 of 3rd period - Slapshot by Kevin Connauton.
13:36 of 3rd period - Shot Misses the Net.
13:38 of 3rd period - Slapshot by Jiri Tlusty.
13:38 of 3rd period - Stopped by Martin Biron with a rebound.
13:40 of 3rd period - Slapshot by Kevin Connauton.
13:40 of 3rd period - Shot Blocked by Calvin de Haan.
13:42 of 3rd period - Snap shot by T.J. Oshie.
13:42 of 3rd period - Stopped by Martin Biron without a rebound.
13:43 of 3rd period - Nazem Kadri wins face-off versus Luca Caputi in Blackdemons zone.
14:03 of 3rd period - Slapshot by Thomas Hickey.
14:03 of 3rd period - Shot Blocked by Calvin de Haan.
14:05 of 3rd period - Wrist shot by Nazem Kadri.
14:05 of 3rd period - Shot Blocked by Steven Zalewski.
14:07 of 3rd period - Slapshot by T.J. Oshie.
14:07 of 3rd period - Shot Blocked by Luca Caputi.
14:09 of 3rd period - Slapshot by Thomas Hickey.
14:09 of 3rd period - Stopped by Martin Biron without a rebound.
14:10 of 3rd period - Shawn Matthias wins face-off versus Nick Bonino in Blackdemons zone.
14:43 of 3rd period - Slapshot by Matt Donovan.
14:43 of 3rd period - Stopped by Martin Biron without a rebound.
14:44 of 3rd period - Nazem Kadri wins face-off versus Wayne Primeau in Blackdemons zone.
15:11 of 3rd period - Maxime Macenauer is hit by Brendon Nash and loses puck.
15:17 of 3rd period - Icing by Matt Donovan.
15:18 of 3rd period - Matt Calvert wins face-off versus Brandon Bollig in Wiprows zone.
15:19 of 3rd period - Slapshot by Michael Kostka.
15:19 of 3rd period - Shot Blocked by Maxime Macenauer.
15:21 of 3rd period - Wrist shot by Scott Timmins.
15:21 of 3rd period - Stopped by Al Montoya with a rebound.
15:23 of 3rd period - Wrist shot by Scott Timmins.
15:23 of 3rd period - Stopped by Al Montoya with a rebound.
15:47 of 3rd period - Snap shot by Jonathan Tremblay.
15:47 of 3rd period - Shot Hit the Post.
15:49 of 3rd period - Snap shot by Jonathan Tremblay.
15:49 of 3rd period - Shot Blocked by Michael Kostka.
15:51 of 3rd period - Snap shot by Matt Beleskey.
15:51 of 3rd period - Stopped by Martin Biron with a rebound.
16:19 of 3rd period - Minor Penalty to Nazem Kadri for Tripping.
16:20 of 3rd period - Wayne Primeau wins face-off versus Maxime Macenauer in Wiprows zone.
16:25 of 3rd period - Snap shot by Wayne Primeau.
16:25 of 3rd period - Shot Blocked by Maxime Macenauer.
16:27 of 3rd period - Slapshot by Jakub Kindl.
16:27 of 3rd period - Shot Blocked by Arturs Kulda.
16:29 of 3rd period - Slapshot by Brendon Nash.
16:29 of 3rd period - Deflect By Wayne Primeau.
16:29 of 3rd period - Stopped by Al Montoya with a rebound.
16:31 of 3rd period - Slapshot by Jakub Kindl.
16:31 of 3rd period - Stopped by Al Montoya with a rebound.
16:35 of 3rd period - Wrist shot by Wayne Primeau.
16:35 of 3rd period - Deflect By Enver Lisin.
16:35 of 3rd period - Deflect By Alec Martinez.
16:35 of 3rd period - Stopped by Al Montoya without a rebound.
16:36 of 3rd period - Wayne Primeau wins face-off versus Maxime Macenauer in Wiprows zone.
16:37 of 3rd period - Snap shot by Enver Lisin.
16:37 of 3rd period - Stopped by Al Montoya without a rebound.
16:38 of 3rd period - Maxime Macenauer wins face-off versus Wayne Primeau in Wiprows zone.
17:03 of 3rd period - Matt Hunwick is hit by Matt Taormina and loses puck.
18:19 of 3rd period - Penalty to Nazem Kadri is over, Nazem Kadri is back on ice.
18:39 of 3rd period - Wiprows, Al Montoya is pulled from the net.
18:52 of 3rd period - Icing by Andrew MacDonald.
18:53 of 3rd period - Wayne Primeau wins face-off versus T.J. Oshie in Blackdemons zone.
18:58 of 3rd period - Slapshot by T.J. Oshie.
18:58 of 3rd period - Shot Misses the Net.
19:00 of 3rd period - Backhand shot by Nazem Kadri.
19:00 of 3rd period - Stopped by Martin Biron with a rebound.
19:02 of 3rd period - Slapshot by Jiri Tlusty.
19:02 of 3rd period - Shot Misses the Net.
19:04 of 3rd period - Snap shot by Jiri Tlusty.
19:04 of 3rd period - Stopped by Martin Biron without a rebound.
19:05 of 3rd period - Andy Murray call a timeout for Wiprows.
19:05 of 3rd period - T.J. Oshie wins face-off versus Wayne Primeau in Blackdemons zone.
19:06 of 3rd period - Slapshot by Nazem Kadri.
19:06 of 3rd period - Stopped by Martin Biron with a rebound.
19:18 of 3rd period - Snap shot by Thomas Hickey.
19:18 of 3rd period - Shot Misses the Net.
19:20 of 3rd period - Wrist shot by Nazem Kadri.
19:20 of 3rd period - Stopped by Martin Biron without a rebound.
19:21 of 3rd period - Wayne Primeau wins face-off versus T.J. Oshie in Blackdemons zone.
19:21 of 3rd period - Wayne Primeau is hit by T.J. Oshie.
19:43 of 3rd period - Slapshot by Nazem Kadri.
19:43 of 3rd period - Stopped by Martin Biron without a rebound.
19:44 of 3rd period - Wayne Primeau wins face-off versus T.J. Oshie in Blackdemons zone.
Goals for this period are 0 for Blackdemons vs 0 for Wiprows.
Shots for this period are 13 for Blackdemons vs 17 for Wiprows.
Output by the SimonT Hockey Simulator (STHS) for François Prévost -- Original Page W3C XHTML 1.0 Valid